 Dungeon Crawl Stone Soup version 0.27.1-33-g824d729ab1 (webtiles) character file.

Game seed: 6063207495732217291

1670 mcbry74 the Arsonist (level 9, 0/62 HPs)
             Began as a Hill Orc Fire Elementalist on Dec 27, 2021.
             Was an Initiate of Vehumet.
             Slain by a wraith (5 damage)
             ... on level 8 of the Dungeon.
             The game lasted 00:46:23 (11853 turns).

mcbry74 the Arsonist (Hill Orc Fire Elementalist)  Turns: 11853, Time: 00:46:24

Health: 0/62       AC:  5    Str: 11    XL:     9   Next: 1%
Magic:  0/6        EV: 12    Int: 24    God:    Vehumet [......]
Gold:   509        SH:  0    Dex: 11    Spells: 1/11 levels left

rFire    . . .     SeeInvis .   B - +5 demon whip "Spellbinder" {antimagic, Will+}
rCold    . . .     Faith    .   (no shield)
rNeg     . . .     Spirit   .   a - +0 robe
rPois    .         Reflect  .   t - +0 helmet
rElec    .         Harm     .   r - +0 cloak
rCorr    .         Rampage  .   (no gloves)
Will     +....                  p - +0 pair of boots
Stlth    ++........             (no amulet)
HPRegen  0.20/turn              A - +6 ring of intelligence
MPRegen  0.10/turn              y - ring of magical power

@: slowed, very slow
A: no striking features
a: Renounce Religion


You were on level 8 of the Dungeon.
You worshipped Vehumet.
Vehumet was noncommittal.
You visited 2 branches of the dungeon, and saw 9 of its levels.

You collected 509 gold pieces.

Inventory:

Hand Weapons
 h - a +0 dagger
 l - a +0 hunting sling
 q - a +0 quarterstaff
 v - a +3 vampiric battleaxe
 z - a +1 hunting sling of flaming
 B - the +5 demon whip "Spellbinder" (weapon) {antimagic, Will+}
   (You found it on level 6 of the Dungeon)

   It reduces the magical energy of the wielder, and disrupts the spells and
   magical abilities of those it strikes.
   Natural abilities and divine invocations are not affected.
   It unleashes wild and unpredictable magical effects upon striking a wizard or
   a creature with magical abilities.
   Will:      It increases your willpower.
 C - a +3 flail
Missiles
 m - 145 stones
 o - 5 curare-tipped darts
 w - 41 sling bullets
 D - 17 poisoned darts
Armour
 a - a +0 robe (worn)
 c - a +1 ring mail of willpower
 p - a +0 pair of boots (worn)
 r - a +0 cloak (worn)
 t - a +0 helmet (worn)
Jewellery
 e - a ring of ice
 y - a ring of magical power (right hand)
 A - a +6 ring of intelligence (left hand)
Wands
 j - a wand of flame (21)
 x - a wand of digging (9)
Scrolls
 d - a scroll of torment {unknown}
 g - 3 scrolls of identify
 k - 2 scrolls of enchant armour
 s - 2 scrolls of teleportation
 u - a scroll of blinking
 E - a scroll of fear
 F - a scroll of magic mapping {unknown}
 G - a scroll of acquirement {unknown}
 I - a scroll of amnesia
Potions
 b - 2 potions of haste
 f - a potion of flight {unknown}
 i - a potion of berserk rage {unknown}
 n - 3 potions of heal wounds {unknown}
 H - a potion of attraction {unknown}


   Skills:
 - Level 1.5 Dodging
 - Level 1.5 Stealth
 - Level 1.5 Spellcasting
 + Level 7.2 Conjurations
 + Level 9.8 Fire Magic


You had one spell level left.
You knew the following spells:

 Your Spells              Type           Power      Damage    Failure   Level
a - Foxfire               Conj/Fire      100%       2x1d9     1%          1
b - Sticky Flame          Conj/Fire      42%        2d6       3%          4
c - Fireball              Conj/Fire      21%        3d10      11%         5

Your spell library contained the following spells:

 Spells                   Type           Power      Damage    Failure   Level
 Beastly Appendage        Tmut           2%         N/A       13%         1
 Conjure Flame            Conj/Fire      42%        6-21      1%          3
 Inner Flame              Hex/Fire       25%        N/A       4%          3
 Stone Arrow              Conj/Erth      38%        3d9       9%          3
 Wereblood                Tmut           1%         N/A       19%         2
 Bolt of Magma            Conj/Fire/Erth 14%        4d8       32%         5
 Frozen Ramparts          Ice            2%         1d2       36%         3
 Spider Form              Tmut/Pois      0%         N/A       36%         3
 Animate Armour           Summ/Erth      2%         N/A       77%         4
 Ice Form                 Ice/Tmut       1%         N/A       77%         4
 Summon Ice Beast         Ice/Summ       1%         N/A       77%         4
 Lehudib's Crystal Spear  Conj/Erth      9%         10d4      100%        8
 Shatter                  Erth           0%         3d5*      100%        9


Dungeon Overview and Level Annotations

Branches:
Dungeon (8/15)             Temple (1/1) D:6
   Lair: D:8-11

Altars:
Ashenzari
Cheibriados
Dithmenos
Elyvilon
Fedhas
Gozag
Hepliaklqana
Kikubaaqudgha
Makhleb
Nemelex Xobeh
Okawaru
Qazlal
Ru
Sif Muna
Trog
Uskayaw
Vehumet
Wu Jian
Xom
Yredelemnul
Zin
The Shining One

Shops:
D:7 *

Annotations:
D:4 3 runed translucent doors, Jazqba's ghost, novice HONe


Message History

You barely miss the wraith.
The wraith is lightly damaged.
The wraith hits you! The wraith drains your vigour!
You feel as though you will be slow longer.
The wraith hits you but does no damage.
You whack the wraith!
The wraith is moderately damaged.
The wraith closely misses you.
You barely miss the wraith.
The wraith is moderately damaged.
The wraith hits you but does no damage. The wraith hits you!
The wraith drains your vigour!
You feel as though you will be slow longer.
You hit the wraith.
The wraith is moderately damaged.
The wraith hits you!
* * * LOW HITPOINT WARNING * * *
The wraith drains your vigour!
You feel as though you will be slow longer.
You whack the wraith!
The wraith is severely damaged.
The wraith hits you!
* * * LOW HITPOINT WARNING * * *
The wraith drains your vigour!
You feel as though you will be slow longer.
The wraith barely misses you. The wraith barely misses you.
Casting: Sticky Flame (dangerous; 3% risk of failure)
Confirm with . or Enter, or press ? or * to list all spells.
Aiming: Sticky Flame (dangerous; 3% risk of failure)
Press: ? - help, Shift-Dir - straight line, f/p - wraith
Aim: a wraith (severely damaged, 100% to hit)
The sticky flame hits the wraith.
The wraith is severely damaged.
The wraith hits you.
* * * LOW HITPOINT WARNING * * *
The wraith drains your vigour!
You feel as though you will be slow longer.
The wraith hits you.
You die...

##################.#
...............W.#.#
################@#.#
#.#.# #.#.# #.#.#
#.#.######
#.......<#
##########.######
...........#
############


You could see a wraith.

Vanquished Creatures
  Grinder (D:5)
  2 ogres (D:7)
  A centaur (D:6)
  A phantom (D:7)
  A kobold brigand (D:7)
  3 bullfrogs
  3 scorpions
  A water moccasin skeleton (D:5)
  2 jellies
  2 orc priests
  3 hounds (D:4)
  An iguana (D:4)
  A bullfrog skeleton (D:5)
  4 orc wizards
  2 hound skeletons
  A howler monkey zombie (D:6)
  Robin (D:2)
  3 gnolls (D:5)
  5 adders
  A shadow imp (D:7)
  A white imp (D:7)
  An ufetubus (D:5)
  7 worms
  5 dart slugs
  19 orcs
  7 bats
  6 endoplasms
  4 giant cockroaches
  11 goblins
  12 hobgoblins
  2 jackals (D:3)
  5 quokkas
  11 ball pythons
  3 frilled lizards
  9 kobolds
  8 rats
150 creatures vanquished.

Vanquished Creatures (others)
  474 foxfires
  5 toadstools (D:1)
479 creatures vanquished.

Grand Total: 629 creatures vanquished

Notes
Turn   | Place    | Note
-------+----------+-------------------------------------------
     0 | D:1      | mcbry74 the Hill Orc Fire Elementalist began the quest for
                  | the Orb.
     0 | D:1      | Reached XP level 1. HP: 14/14 MP: 3/3
   265 | D:1      | Reached XP level 2. HP: 15/20 MP: 2/4
   390 | D:1      | Reached skill level 4 in Fire Magic
   951 | D:1      | Reached XP level 3. HP: 26/26 MP: 0/5
  1668 | D:2      | Found a shimmering altar of Xom.
  1716 | D:2      | Reached skill level 5 in Fire Magic
  2068 | D:2      | Reached XP level 4. HP: 33/33 MP: 3/6
  2409 | D:2      | Noticed Robin
  2670 | D:2      | Killed Robin
  2863 | D:2      | Found a faded altar of an unknown god.
  2863 | D:2      | Noticed a shining eye
  2866 | D:2      | Noticed an eye of devastation
  2866 | D:2      | Noticed a golden eye
  2866 | D:2      | Noticed a floating eye
  3028 | D:3      | Reached XP level 5. HP: 38/38 MP: 3/7
  3069 | D:3      | Learned a level 4 spell: Sticky Flame
  3460 | D:4      | Found a runed translucent gate.
  3461 | D:4      | Found a runed translucent gate.
  3462 | D:4      | Found a runed translucent gate.
  3464 | D:4      | Noticed Jazqba's ghost (novice HONe)
  3464 | D:4      | Noticed a kobold brigand
  3689 | D:4      | Reached skill level 6 in Fire Magic
  3923 | D:4      | Reached XP level 6. HP: 44/45 MP: 1/8
  5943 | D:5      | Entered Level 5 of the Dungeon
  6042 | D:5      | Reached skill level 7 in Fire Magic
  6114 | D:5      | Reached XP level 7. HP: 50/50 MP: 1/9
  6481 | D:5      | Found a shadowy altar of Dithmenos.
  6490 | D:5      | Noticed Grinder
  7132 | D:5      | Paralysed by Grinder for 5 turns
  7334 | D:5      | Killed Grinder
  7335 | D:5      | Reached skill level 5 in Conjurations
  7335 | D:5      | Reached skill level 8 in Fire Magic
  7859 | D:6      | Reached XP level 8. HP: 3/57 MP: 4/10
  7859 | D:6      | HP: 1/57 [poisoned by a scorpion]
  8373 | D:6      | Found a staircase to the Ecumenical Temple.
  8449 | Temple   | Entered the Ecumenical Temple
  8695 | Temple   | Became a worshipper of Vehumet
  9252 | D:6      | Found the +5 demon whip "Spellbinder" {antimagic, Will+}
  9959 | D:7      | Learned a level 5 spell: Fireball
 10211 | D:7      | Reached skill level 9 in Fire Magic
 10683 | D:7      | Found Johilys's General Store.
 11199 | D:7      | Reached XP level 9. HP: 62/62 MP: 3/11
 11479 | D:8      | Noticed a cyclops
 11853 | D:8      | Slain by a wraith

Illustrated notes

Levels and vault maps discovered:
D:1:      dpeg_arrival_simpleton_b, layout_basic, minmay_gold_behind_fungi
D:2:      layout_rooms, hellmonk_ecumenical_altar_watching_god, basic_altar,
          uniq_robin
D:3:      layout_basic, minmay_misc_feat_ornament, st_stairs_8,
          kennysheep_generic_room_7
D:4:      layout_basic, gammafunk_ghost_nasty_kobolds
D:5:      layout_cave_pools, mainiacjoe_overflow_tiny_flanked,
          minmay_misc_feat_iff, uniq_grinder
D:6:      layout_loops_corners, minmay_temple_entry_fiery, portal_sewer_entry_b
D:7:      layout_basic, serial_shops, shop_fountains
D:8:      layout_basic, minmay_hollow_rounded_squares
Temple:   nicolae_temple_the_god_donut

Skill      XL: |  1  2  3  4  5  6  7  8 |
---------------+-------------------------+-----
Fire Magic     | 4 5 6 7 8 9 |  9.8
Conjurations   | 2 4 5 7 |  7.2
Dodging        | |  1.5
Stealth        | |  1.5
Spellcasting   | |  1.5

Action                   |  1- 3 |  4- 6 |  7- 9 || total
-------------------------+-------+-------+-------++-------
Melee: Unarmed           |     4 |       |       ||     4
       Battleaxe         |       |     5 |    26 ||    31
       Demon whip        |       |       |    34 ||    34
 Cast: Foxfire           |    63 |   102 |   100 ||   265
       Fireball          |       |       |     2 ||     2
       Sticky Flame      |       |       |     2 ||     2
  Use: Scroll            |       |       |     6 ||     6
       Potion            |       |       |     3 ||     3
Armor: Robe              |     9 |    12 |    26 ||    47
Dodge: Dodged            |    34 |    26 |    61 ||   121
